[Event "Team 45 45 League T37"]
[Site "Internet Chess Club"]
[Date "2008.05.31"]
[Round "6"]
[White "PaulKaspar"]
[Black "Lazerpawn"]
[Result "1-0"]
[WhiteElo "1837"]
[BlackElo "1663"]
[Opening "Philidor's defense"]
[ECO "C41"]
[Time "10:01:10"]
[TimeControl "2700+45"]

1. e4 e5 2. Nf3 d6 3. c3 Bg4 4. Be2 Nf6 5. d3 Nc6 6. O-O Be7 7. h3 Bh5 8. Be3
O-O 9. Nbd2 d5 10. Qb3 Bxf3 11. Nxf3 dxe4 12. dxe4 Rb8 13. Rad1 Bd6 14. Bd3 Qe7
15. Nh4 g6 16. Bh6 Rfe8 17. Nf3 a6 18. Rfe1 b5 19. a4 b4 20. Bxa6 bxc3 21. Qxc3
Nb4 22. Bc4 Rb6 23. Ng5 Rf8 24. Bxf8 Kxf8 25. Nxf7 Bc5 26. Qxe5 {Black resigns}
1-0

[Event "Team 45 45 League T37"]
[Site "Internet Chess Club"]
[Date "2008.05.29"]
[Round "6"]
[White "bbentrup"]
[Black "Miles295"]
[Result "1-0"]
[WhiteElo "2213"]
[BlackElo "2165"]
[Opening "KGA: bishop's gambit, Bledow variation"]
[ECO "C33"]
[Time "15:08:04"]
[TimeControl "2700+45"]

1. e4 e5 2. f4 exf4 3. Bc4 d5 4. exd5 Nf6 5. Nc3 Bg4 6. Nf3 Nbd7 7. O-O Bd6 8.
Qe2+ Kf8 9. d4 h5 10. Bb3 Nh7 11. Nb5 Ndf6 12. c4 b6 13. Nxd6 Qxd6 14. Qe5 Bxf3
15. Rxf3 g5 16. Bd2 Qd7 17. Bb4+ Kg7 18. Be7 Rhe8 19. Re1 Kg8 20. Bc2 Ng4 21.
Bxh7+ Kxh7 22. Qxg5 {Black resigns} 1-0

[Event "Team 45 45 League T37"]
[Site "Internet Chess Club"]
[Date "2008.06.03"]
[Round "6"]
[White "Flying-Tiger"]
[Black "Burning-Bush"]
[Result "0-1"]
[WhiteElo "2013"]
[BlackElo "2119"]
[Opening "Sicilian: Kan, 5.Nc3"]
[ECO "B43"]
[Time "21:06:28"]
[TimeControl "2700+45"]

1. e4 c5 2. Nf3 a6 3. d4 cxd4 4. Nxd4 e6 5. Nc3 Qc7 6. Bd3 b5 7. O-O Bb7 8. Be3
Nf6 9. f4 h5 10. h3 b4 11. e5 bxc3 12. exf6 cxb2 13. Rb1 gxf6 14. Rxb2 Bc5 15.
Qe2 Nc6 16. Nxc6 Qxc6 17. Bxc5 Qxc5+ 18. Kh1 Bc6 19. Rfb1 Ke7 20. Be4 Rac8 21.
Bf3 Bb5 22. Qd1 Qf5 23. Qd2 Rc5 24. Qb4 d6 25. a4 Rc4 26. Qe1 Rxa4 27. Be2 Bc6
28. Rb6 Qxh3+ 29. Kg1 Qxg2# {White checkmated} 0-1

[Event "Team 45 45 League T37"]
[Site "Internet Chess Club"]
[Date "2008.06.02"]
[Round "6"]
[White "ExpertLevel"]
[Black "LennyH"]
[Result "1/2-1/2"]
[WhiteElo "1800"]
[BlackElo "1875"]
[Opening "Ruy Lopez: exchange, Gligoric variation"]
[ECO "C69"]
[Time "21:11:36"]
[TimeControl "2700+45"]

1. e4 e5 2. Nf3 Nc6 3. Bb5 a6 4. Bxc6 dxc6 5. O-O f6 6. d4 exd4 7. Nxd4 c5 8.
Ne2 Qxd1 9. Rxd1 Bd7 10. Nbc3 Bd6 11. Bf4 Bxf4 12. Nxf4 O-O-O 13. Rd2 Ne7 14.
Rad1 Ng6 15. Nxg6 hxg6 16. Nd5 Rhe8 {Game drawn by mutual agreement} 1/2-1/2

[Event "Team 45 45 League T37"]
[Site "Internet Chess Club"]
[Date "2008.05.31"]
[Round "6"]
[White "cgrau"]
[Black "BigMike"]
[Result "1-0"]
[WhiteElo "1768"]
[BlackElo "1748"]
[Opening "Queen's pawn: London system"]
[ECO "A45"]
[Time "12:00:45"]
[TimeControl "2700+45"]

1. d4 Nf6 2. Bf4 e6 3. e3 c5 4. Nf3 Be7 5. h3 b6 6. Bd3 Bb7 7. c3 Ne4 8. Nbd2 f5
9. Qc2 Nf6 10. g4 g6 11. gxf5 gxf5 12. dxc5 Bxc5 13. O-O-O Nc6 14. Rhg1 Qe7 15.
Ne5 O-O-O 16. Qa4 Nd5 17. Bg5 Qd6 18. Nf7 Qh2 19. Bxd8 Rf8 20. Ba6 Rxf7 21. Bh4
Qxh3 22. Rg3 {Black resigns} 1-0

[Event "Team 45 45 League T37"]
[Site "Internet Chess Club"]
[Date "2008.06.01"]
[Round "6"]
[White "SoaringEagle"]
[Black "houseofcook"]
[Result "1-0"]
[WhiteElo "1536"]
[BlackElo "1379"]
[Opening "Queen's pawn game, Rubinstein (Colle-Zukertort) variation"]
[ECO "D05"]
[Time "12:00:23"]
[TimeControl "2700+45"]

1. d4 Nf6 2. Nf3 e6 3. e3 d5 4. Bd3 c5 5. b3 Nc6 6. Bb2 Bd6 7. a3 Qc7 8. Nbd2
cxd4 9. exd4 O-O 10. O-O Re8 11. Re1 e5 12. dxe5 Nxe5 13. Nxe5 Bxe5 14. Bxe5
Rxe5 15. Rxe5 Qxe5 16. Qe1 Qc7 17. Nf3 h6 18. Qe5 Qxe5 19. Nxe5 Be6 20. Nf3 Rd8
21. Nd4 Bd7 22. Re1 a6 23. f3 Re8 24. Rxe8+ Bxe8 25. Bf5 Bd7 26. Bxd7 Nxd7 27.
Kf2 g6 28. g4 Ne5 29. Ke3 Nc6 30. Nxc6 bxc6 31. Kd4 f5 32. gxf5 gxf5 33. Kc5 Kf7
34. Kxc6 Ke6 35. f4 h5 36. b4 {Black resigns} 1-0

[Event "Team 45 45 League T37"]
[Site "Internet Chess Club"]
[Date "2008.06.01"]
[Round "6"]
[White "AtomicDog"]
[Black "ollo"]
[Result "0-1"]
[WhiteElo "1316"]
[BlackElo "1640"]
[Opening "French: Tarrasch, open, 4.ed ed"]
[ECO "C08"]
[Time "10:03:29"]
[TimeControl "2700+45"]

1. e4 e6 2. d4 d5 3. Nd2 c5 4. exd5 exd5 5. dxc5 Bxc5 6. Nb3 Bb6 7. Nf3 Nf6 8.
Be2 O-O 9. O-O Ne4 10. c4 Be6 11. Qc2 Nc6 12. a3 dxc4 13. Bxc4 Bxc4 14. Qxc4
Nxf2 15. Rxf2 Qd1+ 16. Qf1 Qxb3 17. Bf4 Qxb2 18. Nd2 Rfe8 19. Rb1 Qxa3 20. Rxb6
axb6 21. Nc4 Qc3 22. Bd2 Qd4 23. Be1 Ra1 {White resigns} 0-1

[Event "Team 45 45 League T37"]
[Site "Internet Chess Club"]
[Date "2008.06.01"]
[Round "6"]
[White "cysk"]
[Black "conron"]
[Result "1-0"]
[WhiteElo "1473"]
[BlackElo "1354"]
[Opening "two knights defense: Colman variation"]
[ECO "C58"]
[Time "18:11:43"]
[TimeControl "2700+45"]

1. e4 e5 2. Nf3 Nc6 3. Bc4 Nf6 4. Ng5 d5 5. exd5 Na5 6. Bb5+ c6 7. dxc6 bxc6 8.
Qf3 Rb8 9. Bd3 h6 10. Ne4 Nxe4 11. Bxe4 Bd7 12. b3 Bc5 13. a3 Bd4 14. Ra2 Qh4
15. O-O Bg4 16. Bxc6+ Nxc6 17. Qxc6+ Ke7 18. c3 Bb6 19. Qe4 Qg5 20. d4 Qf5 21.
Qxe5+ Qxe5 22. dxe5 Ke6 23. g3 Kxe5 24. Bf4+ Ke4 25. Bxb8 Rxb8 26. Re1+ Kf3 27.
Nd2# {Black checkmated} 1-0

[Event "Team 45 45 League T37"]
[Site "Internet Chess Club"]
[Date "2008.05.31"]
[Round "6"]
[White "Kingangyal"]
[Black "MrSlippery"]
[Result "1/2-1/2"]
[WhiteElo "1223"]
[BlackElo "1275"]
[Opening "Queen's pawn: English defense"]
[ECO "A40"]
[Time "16:35:44"]
[TimeControl "2700+45"]

1. d4 b6 2. Bf4 Bb7 3. Nf3 g6 4. e3 Bg7 5. c4 e6 6. Nc3 Ne7 7. Bd3 O-O 8. O-O d6
9. Re1 Nd7 10. Rc1 a6 11. Ng5 Rc8 12. Qg4 f5 13. Qh3 h5 14. Nxe6 Qe8 15. Nxf8
Qxf8 16. Bg5 Nc6 17. Ne2 Nb4 18. Bb1 Nf6 19. a3 Nc6 20. Nf4 Qf7 21. Re2 Na5 22.
Rec2 Be4 23. Re2 Nxc4 24. f3 Bb7 25. b4 Nxa3 26. Ba2 d5 27. Kf2 Ng4+ 28. fxg4
fxg4 29. Qg3 Qf5 30. Qh4 Rf8 31. Rxc7 Bc8 32. Kg1 Be6 33. Rc1 Nc4 34. Bxc4 dxc4
35. Nxe6 Qxe6 36. Rf1 Rxf1+ 37. Kxf1 Qf5+ 38. Rf2 Qd3+ 39. Re2 Qb1+ 40. Qe1 Qf5+
41. Rf2 Qxg5 42. e4 Bxd4 43. Ra2 c3 44. Qe2 Qf4+ 45. Ke1 Qc1+ 46. Qd1 Qe3+ 47.
Qe2 Qg1+ 48. Qf1 Qe3+ 49. Qe2 {Game drawn by mutual agreement} 1/2-1/2

[Event "Team 45 45 League T37"]
[Site "Internet Chess Club"]
[Date "2008.06.03"]
[Round "6"]
[White "NXS"]
[Black "littleboo"]
[Result "0-1"]
[WhiteElo "1393"]
[BlackElo "1471"]
[Opening "Queen's pawn game, Krause variation"]
[ECO "D02"]
[Time "17:05:38"]
[TimeControl "2700+45"]

1. d4 d5 2. Nf3 c5 3. c4 e6 4. Bg5 Be7 5. Bxe7 Nxe7 6. dxc5 Qa5+ 7. Nbd2 dxc4 8.
e3 Nd7 9. Bxc4 O-O 10. a3 Qxc5 11. b4 Qd6 12. O-O Nb6 13. Bb3 Bd7 14. Qe2 Bc6
15. Rfd1 Rad8 16. Nc4 Qc7 17. Nxb6 Qxb6 18. Nd4 Bd5 19. Bc2 e5 20. Qh5 f5 21.
Nxf5 Nxf5 22. Bxf5 g6 23. Qg4 Rxf5 24. e4 Rxf2 25. Kh1 Rf4 26. Qg5 Rxe4 27. Rd2
Rd4 28. Re2 e4 29. h3 Rc4 30. Rd1 Qc7 31. Red2 Rc1 32. Rxc1 Qxc1+ 33. Kh2 Qc7+
34. Kg1 Qd6 35. Rd4 Rd7 36. Kf2 Qb6 37. Qd2 Bc4 38. Ke3 Bd3 39. Qa2+ Rf7 40. Qd5
Qc7 41. Qe6 Qf4# {White checkmated} 0-1

[Event "Team 45 45 League T37"]
[Site "Internet Chess Club"]
[Date "2008.06.06"]
[Round "6"]
[White "knight2f3"]
[Black "jschneigi"]
[Result "1-0"]
[WhiteElo "1434"]
[BlackElo "1234"]
[Opening "Queen's pawn game, Chigorin variation"]
[ECO "D02"]
[Time "19:06:25"]
[TimeControl "2700+45"]

1. d4 d5 2. Nf3 Nc6 3. e3 Bg4 4. Be2 f6 5. c4 e5 6. dxe5 Bb4+ 7. Nc3 Bxf3 8.
Bxf3 dxc4 9. Bxc6+ bxc6 10. Qa4 Bxc3+ 11. bxc3 Qd5 12. O-O Qb5 13. Qxb5 cxb5 14.
exf6 Nxf6 15. Ba3 O-O-O 16. Bc5 Ne4 17. Bd4 Rhg8 18. f3 Ng5 19. Bxa7 Rd3 20. Bd4
c5 21. Bxc5 Rxc3 22. Rfc1 Rd3 23. a4 b4 24. Rxc4 b3 25. Be7+ Kb7 26. Bxg5 Rc8
27. Rb4+ Ka6 28. Rb1 Rc2 29. R4xb3 Rxb3 30. Rxb3 Ra2 31. Rb4 Ka5 32. Rh4 h6 33.
Bd8+ Ka6 34. Re4 Rd2 35. Rd4 Rc2 36. Rd6+ Kb7 37. a5 Rc8 38. Rd7+ Kc6 39. Rd3
Kb5 40. Bb6 Rc6 41. Rd1 Ka6 42. Re1 g5 43. e4 Re6 44. Kf2 Rf6 45. g3 g4 46. f4
Rd6 47. e5 Rd2+ 48. Re2 Rd3 49. e6 Rf3+ 50. Kg2 h5 51. e7 h4 52. gxh4 Rh3 53.
e8=Q Rxh4 54. Qa8+ Kb5 55. Rb2+ Kc4 56. Qg8+ Kd3 57. Qd5+ Kc3 58. Bd4+ Kd3 59.
Bf2+ Kc3 60. Bxh4 Kxb2 61. Kf2 Kc3 62. Ke2 g3 63. hxg3 Kc2 64. Qc4+ Kb2 65. Kd2
Kb1 66. Qb3+ Ka1 67. Bf6# {Black checkmated} 1-0

[Event "Team 45 45 League T37"]
[Site "Internet Chess Club"]
[Date "2008.05.29"]
[Round "6"]
[White "klt713"]
[Black "SeniorCitizen"]
[Result "0-1"]
[WhiteElo "1163"]
[BlackElo "1414"]
[Opening "QGD: 4.Nf3"]
[ECO "D37"]
[Time "15:00:20"]
[TimeControl "2700+45"]

1. d4 d5 2. c4 e6 3. Nc3 Nf6 4. Nf3 Be7 5. e3 Nbd7 6. Bd3 O-O 7. Bd2 c6 8. Qc2
dxc4 9. Bxc4 Nd5 10. Nxd5 cxd5 11. Bd3 f5 12. h4 b6 13. Ng5 Bxg5 14. hxg5 Qxg5
15. Rh2 Qd8 16. Ke2 Nf6 17. Rah1 Rf7 18. f3 Qc7 19. Qxc7 Rxc7 20. g4 g6 21. Rg2
a5 22. gxf5 exf5 23. Rhg1 Kg7 24. b3 Ba6 25. Bxa6 Rxa6 26. Rc1 Rxc1 27. Bxc1 Ra8
28. Bb2 Rc8 29. Kd3 Kf7 30. Rc2 Rxc2 31. Kxc2 Nd7 32. Bc3 h5 33. a3 h4 34. Be1
h3 35. Bg3 g5 36. f4 g4 37. Kd2 Nf6 38. Ke2 Ne4 39. Bf2 h2 {White resigns} 0-1

[Event "Team 45 45 League T37"]
[Site "Internet Chess Club"]
[Date "2008.06.02"]
[Round "6"]
[White "john-beebs"]
[Black "scar99"]
[Result "1-0"]
[WhiteElo "1512"]
[BlackElo "1340"]
[Opening "Scandinavian defense"]
[ECO "B01"]
[Time "12:59:33"]
[TimeControl "2700+45"]

1. e4 d5 2. exd5 Nf6 3. Bc4 Nxd5 4. Qf3 e6 5. Ne2 Nc6 6. d4 Ndb4 7. Bb3 Nxd4 8.
Nxd4 Qxd4 9. O-O Qd8 10. Nc3 Be7 11. Qg4 O-O 12. Bh6 g6 13. Bxf8 Qxf8 14. Qe4
Rb8 15. Rfe1 Bd7 16. Nd5 Bc6 17. Nxe7+ Qxe7 18. Qe5 Rd8 19. Rad1 Nd5 20. Bxd5
Bxd5 21. Rxd5 Re8 22. Rd3 Qb4 23. Rb3 {Black resigns} 1-0

[Event "Team 45 45 League T37"]
[Site "Internet Chess Club"]
[Date "2008.06.01"]
[Round "6"]
[White "AndersO"]
[Black "curtintime"]
[Result "1-0"]
[WhiteElo "1427"]
[BlackElo "1336"]
[Opening "Ruy Lopez: Steinitz defense deferred (Russian defense)"]
[ECO "C79"]
[Time "17:00:41"]
[TimeControl "2700+45"]

1. e4 e5 2. Nf3 Nc6 3. Bb5 a6 4. Ba4 Nf6 5. O-O d6 6. h3 Nxe4 7. d4 Bd7 8. dxe5
Nc5 9. Bxc6 Bxc6 10. Re1 Ne6 11. Nc3 Bxf3 12. Qxf3 dxe5 13. Rxe5 Bd6 14. Re1 O-O
15. Qxb7 Nd4 16. Rd1 Nxc2 17. Rb1 Qf6 18. Qe4 Qg6 19. Qxg6 fxg6 20. Ne4 Be5 21.
b3 Rad8 22. Bg5 Bf6 23. Bxf6 Rxd1+ 24. Rxd1 gxf6 25. Rd7 Rf7 26. Rxf7 Kxf7 27.
Nc5 a5 28. Nb7 a4 29. bxa4 Ke7 30. Nc5 Kd8 31. Kf1 Nb4 32. Ke2 Nxa2 33. Kd3 Nb4+
34. Kc4 Nc6 35. Kb5 Na7+ 36. Ka6 Nc6 37. a5 Kc8 38. Ne6 Nb8+ 39. Kb5 Kb7 40. Nf8
c6+ 41. Kc4 Ka6 42. Kb4 f5 43. Nxh7 Nd7 44. Ng5 c5+ 45. Kc4 Kxa5 46. Nf3 Kb6 47.
g4 fxg4 48. hxg4 Nf6 49. Ne5 Ne4 50. f4 Nd6+ 51. Kd5 c4 52. Kxd6 c3 53. Nd3 Kb5
54. Kd5 Ka4 55. f5 {Black resigns} 1-0

[Event "Team 45 45 League T37"]
[Site "Internet Chess Club"]
[Date "2008.06.02"]
[Round "6"]
[White "Bootsie"]
[Black "jocooper"]
[Result "1-0"]
[WhiteElo "1250"]
[BlackElo "1163"]
[Opening "Pirc: classical (two knights) system"]
[ECO "B08"]
[Time "21:00:11"]
[TimeControl "2700+45"]

1. e4 d6 2. d4 Nf6 3. Nc3 g6 4. Nf3 Bg7 5. Be3 O-O 6. e5 dxe5 7. dxe5 Qxd1+ 8.
Rxd1 Ng4 9. Bd4 Nc6 10. Bc5 Ngxe5 11. Be2 Nc4 12. Bxc4 Bf5 13. Bd3 Rad8 14. Bxf5
Rxd1+ 15. Nxd1 gxf5 16. O-O Bf6 17. c3 b6 18. Be3 e5 19. Bg5 Kg7 20. Bxf6+ Kxf6
21. b4 a6 22. Ne3 Rd8 23. Rd1 b5 24. Rxd8 Nxd8 25. Nd5+ Ke6 26. Nxc7+ Kf6 27.
Nxa6 Ne6 28. Nc5 h5 29. Nxe6 fxe6 30. Nd2 e4 31. c4 {Black resigns} 1-0

[Event "Team 45 45 League T37"]
[Site "Internet Chess Club"]
[Date "2008.05.31"]
[Round "6"]
[White "ticopatzer"]
[Black "werty"]
[Result "1-0"]
[WhiteElo "1412"]
[BlackElo "1456"]
[Opening "French: Steinitz, Boleslavsky variation"]
[ECO "C11"]
[Time "10:05:51"]
[TimeControl "2700+45"]

1. e4 e6 2. d4 d5 3. Nc3 Nf6 4. e5 Nfd7 5. Be3 c5 6. f4 Nc6 7. Nf3 cxd4 8. Nxd4
Nxd4 9. Bxd4 a6 10. Bd3 Nc5 11. O-O Nxd3 12. Qxd3 Bd7 13. Qg3 Rc8 14. Rad1 g6
15. Kh1 Be7 16. Rd2 O-O 17. f5 exf5 18. Nxd5 f6 19. Nxf6+ Bxf6 20. exf6 Bc6 21.
Rxf5 Kf7 22. Rf1 Be4 23. Qh4 Bxg2+ 24. Rxg2 {Black resigns} 1-0

[Event "Team 45 45 League T37"]
[Site "Internet Chess Club"]
[Date "2008.06.02"]
[Round "6"]
[White "bjc"]
[Black "Glassywoman"]
[Result "0-1"]
[WhiteElo "1320"]
[BlackElo "1458"]
[Opening "Philidor's defense"]
[ECO "C41"]
[Time "21:10:03"]
[TimeControl "2700+45"]

1. e4 e5 2. Nf3 d6 3. Nc3 Be6 4. d4 exd4 5. Nxd4 Qe7 6. Be2 h6 7. Be3 Nf6 8. h3
a6 9. Bf3 c5 10. Nde2 Bc4 11. b3 Bxe2 12. Qxe2 Qe5 13. Bd2 Nc6 14. O-O Nd4 15.
Qd3 Nxf3+ 16. Qxf3 Be7 17. Nd5 Nxd5 18. exd5 O-O 19. Rfe1 Qf6 20. Qxf6 Bxf6 21.
Rad1 b5 22. c4 Rfe8 23. Bf4 Rxe1+ 24. Rxe1 Rd8 25. Bd2 Be5 26. Ba5 Ra8 27. Kh1
b4 28. g3 g5 29. Rf1 f5 30. f4 gxf4 31. gxf4 Bf6 32. Bc7 Be7 33. Kg2 a5 34. Kf3
Kf7 35. Re1 a4 36. Re6 axb3 37. axb3 Ra3 38. Re3 h5 39. Rd3 h4 40. Re3 Ra1 41.
Kf2 Ke8 42. Kg2 Kd7 43. Bb6 Ra6 44. Bc7 Bf8 45. Bb8 Ra8 46. Bxd6 Bxd6 47. Kf3
Rg8 48. Kf2 Bxf4 49. Rf3 Bg3+ 50. Ke3 f4+ 51. Ke4 Re8+ 52. Kf5 Re1 53. Kf6 Re3
54. Rf1 Rxb3 55. Rd1 Rc3 56. d6 Rxc4 57. Ke5 Rd4 {White resigns} 0-1

[Event "Team 45 45 League T37"]
[Site "Internet Chess Club"]
[Date "2008.06.02"]
[Round "6"]
[White "Kalar-Yadwa"]
[Black "Werzy"]
[Result "1-0"]
[WhiteElo "1327"]
[BlackElo "1304"]
[Opening "QGD Slav: 3.Nf3"]
[ECO "D11"]
[Time "16:16:21"]
[TimeControl "2700+45"]

1. d4 d5 2. c4 c6 3. Nf3 Bg4 4. Nc3 Nf6 5. Bf4 g6 6. Ne5 Bf5 7. e3 Bg7 8. Bd3
Bxd3 9. Qxd3 O-O 10. O-O Nbd7 11. c5 Nh5 12. Rfe1 Nxf4 13. exf4 Bh6 14. Ne2 Qc7
15. b4 a6 16. Qh3 Nxe5 17. fxe5 Bg7 18. Nf4 b6 19. Rab1 e6 20. Re3 Rab8 21. cxb6
Rxb6 22. a3 a5 23. Reb3 f6 24. Nxe6 Qa7 25. Nxf8 Kxf8 26. Qc8+ Kf7 27. e6+ Ke7
28. Qd7+ Qxd7 29. exd7 Kxd7 30. b5 f5 31. bxc6+ Rxc6 32. Rb7+ Rc7 33. Rxc7+ Kxc7
34. Rb5 Kc6 35. Rxa5 Bxd4 36. Ra8 Bb2 37. a4 Kb7 38. Rf8 Kb6 39. Kf1 d4 40. Ke2
Ka5 41. Ra8+ Kb6 42. Rb8+ Ka5 43. Rxb2 Kxa4 44. Rd2 {Black resigns} 1-0

[Event "Team 45 45 League T37"]
[Site "Internet Chess Club"]
[Date "2008.06.02"]
[Round "6"]
[White "CSCARChaplain"]
[Black "albacore"]
[Result "0-1"]
[WhiteElo "901"]
[BlackElo "1452"]
[Opening "Caro-Kann: advance variation"]
[ECO "B12"]
[Time "20:00:46"]
[TimeControl "2700+45"]

1. e4 c6 2. d4 d5 3. e5 c5 4. c3 e6 5. Nf3 cxd4 6. cxd4 Bb4+ 7. Nc3 Nc6 8. Bb5
Ne7 9. O-O Qa5 10. Bxc6+ Nxc6 11. Bd2 O-O 12. a3 Be7 13. Qa4 Qb6 14. Qc2 Nxd4
15. Nxd4 Qxd4 16. Rae1 b6 17. Nb5 Qc5 18. Qxc5 bxc5 19. Nd6 Ba6 20. Be3 Bxd6 21.
exd6 Bxf1 22. Kxf1 d4 23. Bf4 Rfd8 24. Rc1 Rac8 25. b3 f6 26. b4 cxb4 27. Rxc8
Rxc8 28. d7 Rd8 29. axb4 e5 30. Bd2 a6 31. Ke2 Rxd7 32. Kd3 Rc7 33. f3 Kf7 34.
g3 Ke6 35. g4 g5 36. h3 Kd5 37. Be1 Rf7 38. h4 h6 39. h5 f5 {White resigns} 0-1

[Event "Team 45 45 League T37"]
[Site "Internet Chess Club"]
[Date "2008.05.30"]
[Round "6"]
[White "moreffee"]
[Black "reverendjim"]
[Result "1/2-1/2"]
[WhiteElo "1246"]
[BlackElo "1179"]
[Opening "Tennison (Lemberg, Zukertort) gambit"]
[ECO "A06"]
[Time "12:01:37"]
[TimeControl "2700+45"]

1. Nf3 d5 2. e4 dxe4 3. Ng5 Nf6 4. Nc3 Bf5 5. Bc4 e6 6. f3 Bc5 7. fxe4 Bg4 8.
Be2 Bxe2 9. Qxe2 h6 10. Nf3 O-O 11. d3 c6 12. Be3 Qb6 13. Bxc5 Qxc5 14. O-O-O
Na6 15. d4 Qa5 16. a3 Nc7 17. Nd2 b5 18. Nb3 Qb6 19. Nc5 Rfd8 20. e5 {Game drawn
by mutual agreement} 1/2-1/2

[Event "Team 45 45 League T37"]
[Site "Internet Chess Club"]
[Date "2008.06.02"]
[Round "6"]
[White "chips"]
[Black "DrOMM"]
[Result "0-1"]
[WhiteElo "1051"]
[BlackElo "1194"]
[Opening "Caro-Kann defense"]
[ECO "B11"]
[Time "16:06:11"]
[TimeControl "2700+45"]

1. e4 c6 2. Nc3 d5 3. d3 e5 4. Nf3 Bd6 5. Bg5 Nf6 6. g3 O-O 7. Bg2 h6 8. Bxf6
Qxf6 9. Qe2 b5 10. a3 d4 11. Nb1 a5 12. Nbd2 a4 13. Qd1 Na6 14. O-O Bd7 15. b4
Rac8 16. Qc1 c5 17. bxc5 Nxc5 18. h4 Nxd3 19. cxd3 Rxc1 20. Rfxc1 Qd8 21. Kh2 f6
22. Bh3 Bxh3 23. Kxh3 Qd7+ 24. Kg2 Rc8 25. Rd1 Rc3 26. Nb1 Rc8 27. Ra2 g5 28.
Rh1 g4 29. Nh2 h5 30. Rd1 f5 31. exf5 Qxf5 32. Nd2 Qxd3 33. Raa1 Qf5 34. f3
gxf3+ 35. Ndxf3 Rc4 36. Rf1 Rc2+ 37. Kg1 Qe4 38. Rfe1 Re2 39. Kf1 Rxe1+ 40. Rxe1
Qd3+ 41. Kg2 e4 42. Ng5 {White resigns} 0-1

[Event "Team 45 45 League T37"]
[Site "Internet Chess Club"]
[Date "2008.06.01"]
[Round "6"]
[White "squeege"]
[Black "king4aknight"]
[Result "0-1"]
[WhiteElo "1148"]
[BlackElo "1130"]
[Opening "QP counter-gambit (elephant gambit)"]
[ECO "C40"]
[Time "20:53:04"]
[TimeControl "2700+45"]

1. e4 e5 2. Nf3 d5 3. exd5 Qxd5 4. Nc3 Qe6 5. Bb5+ c6 6. Ba4 Nd7 7. Qe2 Qg4 8.
O-O Ngf6 9. Re1 Bd6 10. d3 Nc5 11. Nxe5 Qe6 12. Bf4 O-O 13. Bb3 Nxb3 14. axb3 b5
15. d4 Bb7 16. Ne4 c5 17. Nxf6+ Qxf6 18. dxc5 Bxe5 19. Bxe5 Qg6 20. g3 Rfe8 21.
Qxb5 a6 22. Qxb7 f6 23. Rxa6 Rxa6 24. Qxa6 Re6 25. Qc8+ Re8 26. Qa6 fxe5 27. c6
Qxc2 28. b4 Re6 29. Qc8+ Kf7 30. b5 Qc5 31. Qb7+ Kg6 32. c7 Rf6 33. c8=Q Qxf2+
34. Kh1 Qxe1+ 35. Kg2 Qf1# {White checkmated} 0-1

[Event "Team 45 45 League T37"]
[Site "Internet Chess Club"]
[Date "2008.06.05"]
[Round "6"]
[White "kjs110"]
[Black "joaoazm"]
[Result "1/2-1/2"]
[WhiteElo "1112"]
[BlackElo "1199"]
[Opening "Konstantinopolsky opening"]
[ECO "C44"]
[Time "22:02:00"]
[TimeControl "2700+45"]

1. e4 e5 2. Nf3 Nc6 3. g3 Nf6 4. Nc3 Be7 5. Bg2 O-O 6. O-O d6 7. d4 h6 8. d5 Nb8
9. Be3 a6 10. Nd2 Ng4 11. Nc4 Nxe3 12. Nxe3 c5 13. Na4 b5 14. Nc3 Bd7 15. b3 Qc8
16. Ne2 a5 17. c4 b4 18. f3 Ra6 19. g4 {Game drawn by mutual agreement} 1/2-1/2

[Event "Team 45 45 League T37"]
[Site "Internet Chess Club"]
[Date "2008.06.02"]
[Round "6"]
[White "Visin"]
[Black "bjc"]
[Result "1/2-1/2"]
[WhiteElo "1383"]
[BlackElo "1331"]
[Opening "Sicilian: accelerated fianchetto, modern variation"]
[ECO "B34"]
[Time "11:28:33"]
[TimeControl "2700+45"]

1. e4 c5 2. Nf3 Nc6 3. d4 cxd4 4. Nxd4 g6 5. Nc3 Bg7 6. Nxc6 bxc6 7. Bd2 e6 8.
Bc4 Ne7 9. O-O O-O 10. Qc1 d5 11. exd5 cxd5 12. Bb3 Nf5 13. Ne2 Bb7 14. c3 Qd6
15. Bc2 Rfe8 16. Bxf5 exf5 17. Be3 Qc6 18. Nd4 Qd6 19. Bf4 Be5 20. Bxe5 Qxe5 21.
Re1 Qf6 22. Nb5 Qc6 23. Nd4 Qd7 24. Qd2 Re4 25. Re2 Rh4 26. Rae1 Ba6 27. Re5 Kf8
28. Qg5 Re4 29. R5xe4 fxe4 30. Qf6 Qb7 31. b3 Rc8 32. Re3 h5 33. f3 Kg8 34. fxe4
dxe4 35. c4 Re8 36. Qc6 Kf8 37. Qxb7 Bxb7 38. Nb5 Ke7 39. Nxa7 Kd6 40. Nb5+ Kc5
41. Kf2 Re5 42. Ke2 Rg5 43. g3 h4 44. a3 f5 45. Kf2 Rh5 46. Kg2 g5 47. gxh4 Rxh4
48. Nc3 g4 49. Ne2 Rh6 50. h3 gxh3+ 51. Rxh3 e3+ 52. Kg3 Rxh3+ 53. Kxh3 Bf3 54.
Nc1 e2 55. Nd3+ Kd4 56. Ne1 Bg4+ 57. Kg3 Bh5 58. a4 Kc3 59. a5 Kxb3 60. a6 Be8
61. c5 Bc6 62. Kf2 Kc4 63. Kxe2 Kxc5 64. Ke3 {Game drawn by mutual agreement}
1/2-1/2

[Event "Team 45 45 League T37"]
[Site "Internet Chess Club"]
[Date "2008.05.31"]
[Round "6"]
[White "Duck-Man"]
[Black "smcintyr11"]
[Result "1-0"]
[WhiteElo "1248"]
[BlackElo "1193"]
[Opening "French: Schlechter variation"]
[ECO "C01"]
[Time "21:14:38"]
[TimeControl "2700+45"]

1. e4 e6 2. d4 d5 3. Bd3 c5 4. Nf3 Nc6 5. Be3 cxd4 6. Nxd4 Bd6 7. Nc3 Nf6 8. O-O
Nxe4 9. Nxe4 dxe4 10. Bxe4 Qh4 11. Nf3 Qxe4 12. Qxd6 Qxc2 13. Rfd1 h6 14. Ne5
Bd7 15. Qxd7+ Kf8 16. Qxf7# {Black checkmated} 1-0

[Event "Team 45 45 League T37"]
[Site "Internet Chess Club"]
[Date "2008.05.30"]
[Round "6"]
[White "rpgrossman"]
[Black "Skyler"]
[Result "0-1"]
[WhiteElo "1072"]
[BlackElo "1263"]
[Opening "Réti: King's Indian attack (Barcza system)"]
[ECO "A07"]
[Time "21:40:35"]
[TimeControl "2700+45"]

1. Nf3 d5 2. g3 Bf5 3. Bg2 e6 4. O-O Nf6 5. d3 h6 6. c4 c6 7. b3 Nbd7 8. Bb2 Be7
9. Qc2 O-O 10. c5 Nxc5 11. Nbd2 Ncd7 12. Ne5 Nxe5 13. Bxe5 Bd6 14. Bxd6 Qxd6 15.
Rac1 Rfc8 16. Nf3 c5 17. Qb2 Rc6 18. Ne5 Rc7 19. a3 Rac8 20. Rc2 b5 21. Rfc1 c4
22. bxc4 bxc4 23. e4 dxe4 24. Nxc4 Qe7 25. Ne3 exd3 26. Rxc7 Rxc7 27. Rxc7 Qxc7
28. Nxf5 exf5 29. Qd2 Qc2 30. Qb4 d2 31. Bf3 d1=Q+ 32. Bxd1 Qxd1+ 33. Kg2 Qd5+
34. Kg1 a5 35. Qb8+ Kh7 36. Qf4 g5 37. Qe3 g4 38. Qe7 Qd1+ 39. Kg2 Qf3+ 40. Kf1
Qh1+ 41. Ke2 Qe4+ 42. Qxe4 Nxe4 43. f3 gxf3+ 44. Kxf3 Nc3 45. Kf4 Kg6 46. Ke3 a4
47. Kd3 Nb1 48. Kc4 Nxa3+ 49. Kb4 Kg5 50. Kxa3 f4 51. gxf4+ Kxf4 52. Kxa4 Ke4
53. Kb3 f5 54. Kc2 Ke3 55. Kd1 Kf2 56. h4 f4 57. Kd2 f3 58. Kd1 Kg2 59. Ke1 f2+
60. Ke2 f1=Q+ 61. Ke3 Kg3 62. h5 Qe1+ 63. Kd4 Kf4 {White resigns} 0-1

[Event "Team 45 45 League T37"]
[Site "Internet Chess Club"]
[Date "2008.06.03"]
[Round "6"]
[White "bowwrestler"]
[Black "Daidalos"]
[Result "1-0"]
[WhiteElo "969"]
[BlackElo "1031"]
[Opening "French defense"]
[ECO "C01"]
[Time "09:48:23"]
[TimeControl "2700+45"]

1. e4 e6 2. d4 c6 3. Nf3 Bd6 4. Bd3 Ne7 5. O-O O-O 6. Nc3 b5 7. a3 Na6 8. Rb1
Rb8 9. b4 Bb7 10. Re1 Re8 11. e5 Bc7 12. Ne2 d5 13. exd6 Bxd6 14. c4 bxc4 15.
Bxc4 Nc7 16. a4 Ned5 17. b5 cxb5 18. axb5 a6 19. b6 Na8 20. Qb3 Naxb6 21. Bd3
Be7 22. Bc2 Qd7 23. Qd3 Bc8 24. Qxh7+ Kf8 25. Qh8# {Black checkmated} 1-0